 Dungeon Crawl Stone Soup version 0.30-a0-51-g784eafce7f (webtiles) character file.

Game seed: 5133401511814890012

56 frimble the Trooper (level 3, -8/29 HPs)
             Began as a Demonspawn Cinder Acolyte on Sept 6, 2022.
             Was a High Priest of Ignis.
             Mangled by a gnoll
             ... wielding a +0 flail
              (11 damage)
             ... on level 3 of the Dungeon.
             The game lasted 00:02:25 (2149 turns).

frimble the Trooper (Demonspawn Cinder Acolyte)     Turns: 2149, Time: 00:02:26

Health: -8/29      AC:  4    Str: 14    XL:     3   Next: 69%
Magic:  1/5        EV: 15    Int: 15    God:    Ignis [*****.]
Gold:   43         SH:  0    Dex: 10    Spells: 3/5 levels left

rFire   + . .      SeeInvis .    e - +1 short sword
rCold   . . .      Faith    .    (no shield)
rNeg    . . .      Spirit   .    a - +0 robe
rPois   .          Reflect  .    (no helmet)
rElec   .          Harm     .    (no cloak)
rCorr   .          Rampage  .    (no gloves)
Will    .....                    c - +1 pair of boots
Stlth   +.........               (no amulet)
HPRegen 0.09/turn                d - +4 ring of evasion
MPRegen 0.09/turn                (no ring)

@: flying
A: demonic magic 1
a: Renounce Religion, Fiery Armour, Foxfire Swarm, Rising Flame


You were on level 3 of the Dungeon.
You worshipped Ignis.
Ignis was extremely pleased with you.
You visited 1 branch of the dungeon, and saw 3 of its levels.

You collected 43 gold pieces.

Inventory:

Hand Weapons
 e - a +1 short sword (weapon)
Missiles
 b - 4 boomerangs
Armour
 a - a +0 robe (worn)
 c - a +1 pair of boots (worn)
Jewellery
 d - a +4 ring of evasion (left hand)
Scrolls
 g - a scroll of teleportation {unknown}
 k - 3 scrolls of immolation


   Skills:
 + Level 3.5 Fighting
 + Level 0.7 Short Blades
 - Level 2.9 Unarmed Combat
 + Level 1.8 Spellcasting
 + Level 3.1 Fire Magic


You had 3 spell levels left.
You knew the following spells:

 Your Spells              Type           Power      Damage    Failure   Level
a - Scorch                Fire           20%        2d6       10%         2

Your spell library contained the following spells:

 Spells                   Type           Power      Damage    Failure   Level
 Foxfire                  Conj/Fire      24%        2x1d5     12%         1
 Ensorcelled Hibernation  Hex/Ice        2%         N/A       34%         2
 Passwall                 Tmut/Erth      0%         N/A       34%         2
 Conjure Flame            Conj/Fire      6%         6-21      34%         3
 Inner Flame              Hex/Fire       6%         N/A       34%         3
 Swiftness                Air            1%         N/A       56%         3
 Flame Wave               Conj/Fire      6%         2d5       75%         4


Dungeon Overview and Level Annotations

Branches:
Dungeon (3/15)

Altars:


Innate Abilities, Weirdness & Mutations

Spells you cast may paralyse adjacent enemies.


Message History

The gnoll is severely wounded.
The gnoll is no longer more vulnerable to fire.
The gnoll hits you with a +0 whip.
You hit the gnoll.
The gnoll is moderately wounded.
The gnoll barely misses you. The gnoll attacks as you move away!
The gnoll hits you with a +0 flail! The gnoll attacks as you move away!
The gnoll hits you with a +0 flail. The gnoll attacks as you move away!
The gnoll barely misses you. The gnoll attacks as you move away!
The gnoll closely misses you. The gnoll attacks as you move away!
The gnoll closely misses you.
There is a stone staircase leading down here.
The gnoll closely misses you.
You climb downwards.
Found a dagger.
There is a stone staircase leading up here.
Casting: Scorch (safe; 10% risk of failure)
Press: ? - help, Q - select action, (/) - cycle Dir - look around, f - activate Flames lash the ball python.
You kill the ball python!
Malevolent energies surge around you.
The gnoll suddenly stops moving!
The helpless gnoll fails to defend itself.
You hit the gnoll.
The gnoll is moderately wounded.
The helpless gnoll fails to defend itself.
You hit the gnoll. You punch the gnoll.
The gnoll is severely wounded.
The gnoll is no longer paralysed.
The gnoll misses you.
You barely miss the gnoll.
The gnoll is severely wounded.
The gnoll hits you with a +0 flail!
* * * LOW HITPOINT WARNING * * *
You hit the gnoll.
The gnoll is almost dead.
The gnoll hits you with a +0 flail.
* * * LOW HITPOINT WARNING * * *
It was a potion of flight.
You feel very buoyant.
You fly up into the air.
The gnoll hits you with a +0 flail!
You die...

## .. .## ..##
##...####
#@.......
#.....g..†.###
#######..###
..# ..) #+##


You could see a gnoll.

Vanquished Creatures
  2 dart slugs (D:1)
  3 orcs (D:2)
  9 endoplasms
  2 giant cockroaches
  4 goblins
  2 jackals (D:2)
  5 kobolds
  A quokka (D:2)
  6 ball pythons
  5 bats (D:1)
  4 rats
43 creatures vanquished.

Notes
Turn   | Place    | Note
-------+----------+-------------------------------------------
     0 | D:1      | frimble the Demonspawn Cinder Acolyte began the quest for
                  | the Orb.
     0 | D:1      | Reached XP level 1. HP: 18/18 MP: 2/2
    91 | D:1      | Found a faded altar of an unknown god.
   147 | D:1      | Gained mutation: Spells you cast may paralyse adjacent
                  | enemies. [demonic ancestry]
   147 | D:1      | Reached XP level 2. HP: 7/24 MP: 3/3
   159 | D:1      | Learned a level 2 spell: Scorch
   692 | D:1      | You fall into a shaft and drop 1 floor!
   881 | D:2      | Reached XP level 3. HP: 19/29 MP: 1/5
  2149 | D:3      | Mangled by a gnoll

Illustrated notes

Levels and vault maps discovered:
D:1:      dpeg_arrival_boxes_within_box, layout_basic,
          ebering_ecumenical_altar_petrified, hangedman_decor_growths
D:2:      layout_loops_ring, nicolae_titane
D:3:      wad_crossroads, layout_loops_corners, gammafunk_temple_overflow_claw,
          amcnicky_altar_gilded, uniq_sigmund

Skill      XL: |  1  2 |
---------------+-------+-----
Fire Magic     | 3 |  3.1
Fighting       | |  3.5
Short Blades   | |  0.7
Unarmed Combat | |  2.9
Spellcasting   | |  1.8

Action                   || total
-------------------------++-------
Melee: Unarmed           ||    47
       Punch             ||     3
       Short sword       ||   102
Throw: Boomerang         ||     3
 Cast: Scorch            ||    13
Invok: Fiery Armour      ||     1
  Use: Scroll            ||     6
       Potion            ||     1
 Stab: Paralysed         ||     4
       Sleeping          ||     1
Armor: Robe              ||    26
Dodge: Dodged            ||   118

Table legend: (Time is in decaauts)
 A = Elapsed time spent in this place.
 B = Non-inter-level travel time spent in this place.
 C = Inter-level travel time spent in this place.
 D = Time resting spent in this place.
 E = Time spent auto-exploring this place.
 F = Levels seen in this place.
 G = Mean time per level.
                   A        B        C        D        E       F      G
               +--------+--------+--------+--------+--------+-----+--------+
         Total |   2154 |   2103 |     51 |      0 |   1746 |   3 |  718.0 |
       Dungeon |   2154 |   2103 |     51 |      0 |   1746 |   3 |  718.0 |
               +--------+--------+--------+--------+--------+-----+--------+

Top non-repeatable levels by time:
     D:1: 1427 daAuts
     D:2: 720 daAuts
     D:3: 6 daAuts
